 Dungeon Crawl Stone Soup version 0.30-a0-824-g6c64550be9 (webtiles) character file.

Game seed: 3299899423739803228

1091 ragingrage the Vexing (level 8, 0/53 (59) HPs)
             Began as a White Draconian Hexslinger on Feb 27, 2023.
             Was an Initiate of Ashenzari.
             Killed from afar by Dowan (20 damage)
             ... with a bolt of light
             ... on level 5 of the Dungeon.
             The game lasted 00:12:07 (5742 turns).

ragingrage the Vexing (White Draconian Hexslinger)  Turns: 5742, Time: 00:12:08

HP:   0/53 (59)     AC:  7    Str: 13    XL:     8   Next: 9%
MP:   8/12          EV: 12    Int: 13    God:    Ashenzari [......]
Gold: 313           SH:  0    Dex: 14    Spells: 6/12 levels left

rFire   . . .      SeeInvis .    l - +2 dagger (venom)
rCold   + . .      Faith    .    (no shield)
rNeg    . . .      Spirit   .    (body armour unavailable)
rPois   .          Reflect  .    (helmet restricted)
rElec   .          Harm     .    (no cloak)
rCorr   .          Rampage  .    (no gloves)
Will    .....                    x - +0 pair of boots of the Elysian Oracle {Cun, Alch} (curse)
Stlth   +                        (no amulet)
HPRegen 0.28/turn                (no ring)
MPRegen 0.13/turn                (no ring)

@: lit by a corona, about to teleport, glowing, heavily drained
A: breathe frost, AC +6, unfitting armour, cold resistance 1, cold-blooded
a: Breathe Frost, Renounce Religion, Shatter the Chains


You were on level 5 of the Dungeon.
You worshipped Ashenzari.
Ashenzari was noncommittal.
You visited 1 branch of the dungeon, and saw 6 of its levels.

You collected 346 gold pieces.
You spent 33 gold pieces at shops.

Inventory:

Hand Weapons
 a - a +1 sling
 b - a +0 dagger
 l - a +2 dagger of venom (weapon)
 v - the +6 whip "Sosm" {antimagic, Str+3 Int+3 Dex+3}
   (You found it on level 3 of the Dungeon)

   Str:       It affects your strength (+3).
   Int:       It affects your intelligence (+3).
   Dex:       It affects your dexterity (+3).
 B - a +0 dagger of draining
Missiles
 u - 16 poisoned darts
 A - a throwing net
 C - 4 atropa-tipped darts
Armour
 x - the cursed +0 pair of boots of the Elysian Oracle (worn) {Cun, Alch}
   (You found it on level 3 of the Dungeon)

   It has a curse which improves the following skills: Cunning: Dodging and
   Stealth.
   Alchemy:   Poison Magic and Transmutations.
Wands
 r - a wand of charming (10)
Scrolls
 c - 5 scrolls of identify {unknown}
 f - 4 scrolls of teleportation
 h - 3 scrolls of poison
 i - 2 scrolls of brand weapon {unknown}
 j - a scroll of immolation {unknown}
 m - a scroll of magic mapping {unknown}
 o - 3 scrolls of vulnerability {unknown}
 t - 2 scrolls of acquirement {unknown}
 w - a scroll of torment {unknown}
 y - 3 scrolls of noise {unknown}
 z - a scroll of fear {unknown}
Potions
 d - 3 potions of ambrosia {unknown}
 e - 2 potions of mutation {unknown}
 g - a potion of curing
 k - a potion of degeneration {unknown}
 n - a potion of cancellation {unknown}
 p - 2 potions of heal wounds {unknown}
 q - a potion of attraction {unknown}
 s - 2 potions of haste {unknown}


   Skills:
 - Level 1.1 Fighting
 + Level 3.9 Short Blades
 - Level 2.3 Ranged Weapons
 - Level 1.7(2.1) Dodging
 - Level 3.0(3.3) Stealth
 + Level 2.9 Spellcasting
 + Level 4.8 Hexes
 + Level 3.2 Summonings
 + Level 4.7 Ice Magic


You had 6 spell levels left.
You knew the following spells:

 Your Spells              Type           Power      Damage    Failure   Level
a - Slow                  Hex            56%        N/A       3%          1
b - Ensorcelled Hibernat  Hex/Ice        28%        N/A       4%          2
c - Summon Guardian Gole  Hex/Summ       12%        N/A       13%         3

Your spell library contained the following spells:

 Spells                   Type           Power      Damage    Failure   Level
 Inner Flame              Hex/Fire       8%         N/A       26%         3
 Portal Projectile        Hex/Tloc       16%        N/A       26%         3
 Cause Fear               Hex            7%         N/A       32%         4
 Spider Form              Tmut/Pois      2%         N/A       56%         3
 Anguish                  Hex/Necr       4%         N/A       65%         4
 Orb of Destruction       Conj           0%         9d5       100%        7
 Spellforged Servitor     Conj/Summ      3%         N/A       100%        7


Dungeon Overview and Level Annotations

Branches:
Dungeon (6/15)
 Temple: D:4-7

Altars:
Ashenzari
Nemelex Xobeh
Qazlal
Yredelemnul

Shops:
D:1 ?

Portals:
Abyss: D:5

Annotations:
D:1 exclusion: downstairs
D:2 Sigmund
D:4 2 transporters, NinjaNoafa's ghost, amateur HOMo
D:5 2 transporters, Dowan; Duvessa; tarna41's ghost, amateur SpCj


Innate Abilities, Weirdness & Mutations

You can breathe waves of freezing cold which knock back foes.
Your icy white scales are hard. (AC +6)
You cannot fit into any form of body armour.
Your flesh is cold resistant. (rC+)
You are cold-blooded and may be slowed by cold attacks.


Message History

An adder comes into view.
Duvessa shouts!
The adder hisses angrily.
Dowan shouts!
Duvessa attacks as you move away! Duvessa closely misses you.
There is a stone staircase leading up here.
Here: Duvessa, wielding a +2 rapier of draining and wearing a +0 leather armour The floor.
Aiming: Ensorcelled Hibernation (safe; 4% risk of failure)
Aim: Duvessa, wielding a +2 rapier of draining and wearing a +0 leather armour (chance to affect: 30%)
Okay, then.
Aiming: Ensorcelled Hibernation (safe; 4% risk of failure)
Aim: Duvessa, wielding a +2 rapier of draining and wearing a +0 leather armour (chance to affect: 30%) Duvessa easily resists.
Duvessa hits you with a +2 rapier of draining!
You feel drained.
Aiming: Ensorcelled Hibernation (safe; 4% risk of failure)
Aim: Duvessa, wielding a +2 rapier of draining and wearing a +0 leather armour (chance to affect: 30%) Duvessa easily resists.
Dowan hits you with a +0 dagger.
Duvessa gestures with her weapon.
Duvessa hits you with a +2 rapier of draining!
You feel drained. Dowan casts a spell at you.
You are outlined in light.
Duvessa hits you with a +2 rapier of draining.
You feel drained.
You climb upwards.
Level annotation: 2 transporters, tarna41's ghost, amateur SpCj
There is a stone staircase leading down here.
Unknown command.
As you read the scroll of teleportation, it crumbles to dust.
You feel strangely unstable. Dowan hits you with a +0 dagger.
Duvessa hits you with a +2 rapier of draining!
* * * LOW HITPOINT WARNING * * *
You feel drained.
* * * LOW HITPOINT WARNING * * *
You feel better.
Dowan zaps a wand.
The bolt of light hits you!!
You die...

#.# #.....# #.####.....#
#...##.....# ###..####'##
##..# #.# ##.###.# #..##.##
#######....e## #..........e@#
#.############
###..........##############
###~~~########..............#
#~~~~~~~~~# ##############.#
~~~~≈~~~######...### #.##.#
###≈≈~###..........#####.##.#
..#####.......###....(.#....#
.........######≈###....#.####


You could see Duvessa and Dowan.

Vanquished Creatures
  A water moccasin (D:5)
  Pargi (D:4)
  2 black bears
  A kobold brigand (D:5)
  A howler monkey (D:4)
  A bullfrog zombie (D:5)
  A hound (D:5)
  An iguana (D:5)
  Natasha (thrice) (D:2)
  An orc wizard (D:4)
  A hound zombie (D:5)
  Robin (D:2)
  5 adders
  4 gnolls
  An ufetubus (D:5)
  3 worms
  10 orcs
  10 ball pythons
  7 endoplasms
  2 giant cockroaches
  12 goblins
  14 hobgoblins
  2 jackals (D:1)
  6 quokkas
  5 bats
  2 frilled lizards
  13 kobolds
  5 rats
116 creatures vanquished.

Vanquished Creatures (others)
  2 ice beasts (D:5)
2 creatures vanquished.

Grand Total: 118 creatures vanquished

Notes
Turn   | Place    | Note
-------+----------+-------------------------------------------
     0 | D:1      | ragingrage the Draconian Hexslinger began the quest for the
                  | Orb.
     0 | D:1      | Reached XP level 1. HP: 16/16 MP: 2/2
   318 | D:1      | Reached skill level 1 in Stealth
   318 | D:1      | Reached XP level 2. HP: 23/23 MP: 3/3
   445 | D:1      | Found Jynokop's Magic Scroll Shop.
   453 | D:1      | Bought a scroll of teleportation for 33 gold pieces
   469 | D:1      | Noticed an eye of devastation
   471 | D:1      | Found a faded altar of an unknown god.
   477 | D:1      | Noticed a floating eye
   477 | D:1      | Noticed a golden eye
   477 | D:1      | Noticed a great orb of eyes
   846 | D:2      | Noticed Robin
   846 | D:2      | Noticed Natasha
   861 | D:1      | Reached XP level 3. HP: 19/28 MP: 4/4
  1259 | D:2      | Learned a level 2 spell: Ensorcelled Hibernation
  1465 | D:2      | Killed Natasha
  1466 | D:2      | Reached XP level 4. HP: 28/35 MP: 5/5
  1496 | D:2      | Noticed Natasha
  1500 | D:2      | Killed Natasha
  1501 | D:2      | Reached skill level 1 in Short Blades
  1501 | D:2      | Reached skill level 1 in Ice Magic
  1791 | D:2      | Reached XP level 5. HP: 40/40 MP: 6/6
  1859 | D:2      | Noticed Natasha
  1872 | D:2      | Killed Natasha
  2261 | D:2      | Noticed Sigmund
  2347 | D:3      | Found a stormy altar of Qazlal.
  2708 | D:2      | Killed Robin
  2895 | D:3      | Found a broken altar of Ashenzari.
  2900 | D:3      | Became a worshipper of Ashenzari the Shackled
  2905 | D:3      | Learned a level 3 spell: Summon Guardian Golem
  2967 | D:3      | You fall into a shaft and drop 1 floor!
  3006 | D:5      | Entered Level 5 of the Dungeon
  3030 | D:4      | Noticed a black bear
  3323 | D:3      | Identified the +6 whip "Sosm" {antimagic, Str+3 Int+3
                  | Dex+3}
  3735 | D:3      | Reached XP level 6. HP: 47/47 MP: 7/7
  3899 | D:4      | Noticed NinjaNoafa's ghost (amateur HOMo)
  3912 | D:4      | Found a transporter.
  3948 | D:4      | Found a transporter.
  3973 | D:4      | Reached skill level 1 in Summonings
  3974 | D:4      | Noticed Pargi
  4097 | D:5      | Noticed an ice beast
  4121 | D:5      | Killed an ice beast
  4329 | D:5      | Found a basalt altar of Yredelemnul.
  4481 | D:4      | Your scales start taking on an icy white colour.
  4481 | D:4      | Reached XP level 7. HP: 38/52 MP: 5/9
  4481 | D:4      | Gained mutation: Your flesh is cold resistant. (rC+) [White
                  | Draconian growth]
  4589 | D:4      | Killed Pargi
  4653 | D:4      | Found a sparkling altar of Nemelex Xobeh.
  5211 | D:5      | Found a transporter.
  5214 | D:5      | Found a one-way gate to the infinite horrors of the Abyss.
  5214 | D:5      | Noticed tarna41's ghost (amateur SpCj)
  5218 | D:5      | Noticed a toenail golem
  5343 | D:5      | Found a transporter.
  5456 | D:5      | Reached XP level 8. HP: 59/59 MP: 7/12
  5734 | D:6      | Noticed Duvessa
  5734 | D:6      | Noticed Dowan
  5742 | D:5      | Killed from afar by Dowan

Illustrated notes

Levels and vault maps discovered:
D:1:      dpeg_arrival_stonehenge_12_columns, layout_basic,
          hellmonk_ecumenical_altar_watching_god, serial_shops, shop
D:2:      layout_rooms, uniq_sigmund, uniq_robin, uniq_natasha
D:3:      layout_basic, grunt_qazlal_sundering,
          mainiacjoe_overflow_six_doors_small
D:4:      layout_gridville, nemelex_spade_bored_becter, gammafunk_ghost_arena,
          uniq_pargi
D:5:      cheibrodos_thug_alley, layout_basic, lemuel_zombie_altar_yredelemnul,
          gammafunk_ghost_abyssal_escape
D:6:      layout_rooms, vehumet_crystals, pf_just_have_faith, temple_fountains,
          uniq_menkaure, uniq_duvessa

Skill      XL: |  1  2  3  4  5  6  7 |
---------------+----------------------+-----
Ranged Weapons | 2 |  2.3
Stealth        | 1 2 3 |  3.0
Hexes          | 3 4 |  4.8
Short Blades   | 1 2 3 |  3.9
Ice Magic      | 1 2 3 4 |  4.7
Summonings     | 2 3 |  3.2
Spellcasting   | 2 |  2.9
Fighting       | |  1.1
Dodging        | |  1.7

Action                     |  1- 3 |  4- 6 |  7- 9 || total
---------------------------+-------+-------+-------++-------
  Melee: Dagger            |    29 |   168 |    66 ||   263
         Tailslap          |     5 |    22 |     7 ||    34
         Punch             |       |     1 |     1 ||     2
   Fire: Sling             |   141 |       |       ||   141
   Cast: Slow              |    14 |       |       ||    14
         Ensorcelled Hiber |     5 |     8 |    12 ||    25
         Summon Guardian G |       |     2 |     1 ||     3
 Invoke: Curse Item        |       |       |     1 ||     1
Ability: Breathe Frost     |       |       |     2 ||     2
    Use: Scroll            |       |       |     1 ||     1
         Potion            |       |       |     1 ||     1
   Stab: Sleeping          |     2 |     6 |     7 ||    15
         Distracted        |       |     1 |       ||     1
 Armour: Skin              |    27 |    58 |    20 ||   105
  Dodge: Dodged            |    86 |   106 |    42 ||   234

Table legend: (Time is in decaauts)
 A = Elapsed time spent in this place.
 B = Non-inter-level travel time spent in this place.
 C = Inter-level travel time spent in this place.
 D = Time resting spent in this place.
 E = Time spent auto-exploring this place.
 F = Levels seen in this place.
 G = Mean time per level.
                   A        B        C        D        E       F      G
               +--------+--------+--------+--------+--------+-----+--------+
         Total |   5766 |   5438 |    328 |   1142 |   2756 |   6 |  961.0 |
       Dungeon |   5766 |   5438 |    328 |   1142 |   2756 |   6 |  961.0 |
               +--------+--------+--------+--------+--------+-----+--------+

Top non-repeatable levels by time:
     D:5: 1363 daAuts
     D:2: 1354 daAuts
     D:1: 1183 daAuts
     D:3: 1063 daAuts
     D:4: 796 daAuts
     D:6: 5 daAuts
